 Dungeon Crawl Stone Soup version 0.30.0-29-ga12c61a403 (webtiles) character file.

Game seed: 7423447948299356920

24980 cdecastro the Grappler (level 12, -6/118 HPs)
             Began as a Troll Fighter on June 24, 2023.
             Was a High Priest of Elyvilon.
             Mangled by a minotaur
             ... wielding a +2 trident of venom
              (16 damage)
             ... in a Gauntlet.
             The game lasted 00:36:20 (11715 turns).

cdecastro the Grappler (Troll Fighter)             Turns: 11715, Time: 00:36:21

Health: -6/118     AC: 14    Str: 39    XL:     12   Next: 85%
Magic:  6/15       EV: 10    Int:  9    God:    Elyvilon [*****.]
Gold:   506        SH:  0    Dex: 15    Spells: 11/11 levels left

rFire   . .          .
                       - Unarmed
rCold   . . .        M - orb of Past Mistakes {*Rage, Int+5}
rNeg    + . .        H - +0 swamp dragon scales
rPois   +            (helmet restricted)
rElec   .            N - +2 cloak
rCorr   +            (gloves unavailable)
SInv    .            (boots unavailable)
Will    .....        o - amulet of Amelioration {Acrobat +Blink rCorr Stlth+}
Stlth   ++           Q - +6 ring of strength
HPRegen 1.19/turn    T - ring "Cuicitap" {rN+ Str+6 Dex+2}
MPRegen 0.14/turn

%: no teleportation, random rage (20%), acrobat
@: lethally poisoned (-6 -> -33)
A: large, unfitting armour, claws 3, regeneration 1, shaggy fur 1, tough skin 1
a: Renounce Religion, Evoke Blink, Purification, Heal Other, Heal Self, Divine
Vigour


You were in a Gauntlet.
You worshipped Elyvilon.
Elyvilon was extremely pleased with you.
You visited 2 branches of the dungeon, and saw 12 of its levels.
You also visited: Ossuary, Bailey and Gauntlet.

You collected 615 gold pieces.
You spent 109 gold pieces at shops.

Inventory:

Missiles
 j - 5 javelins
 y - 5 boomerangs
 z - 45 poisoned darts (quivered)
 E - 2 throwing nets
 F - a curare-tipped dart
Armour
 b - a +0 kite shield
 m - the +1 robe of the True Pharaoh {rElec}
   (You found it in a Gauntlet)

   rElec:     It insulates you from electricity.
 H - +0 swamp dragon scales (worn)
 M - the orb of Past Mistakes (worn) {*Rage, Int+5}
   (You found it in a bailey)

   Int:       It affects your intelligence (+5).
 N - a +2 cloak (worn)
Jewellery
 e - a ring of wizardry
 o - the amulet of Amelioration (around neck) {Acrobat +Blink rCorr Stlth+}
   (You found it in a Gauntlet)

   [amulet of the acrobat]

   It increases your evasion while moving and waiting.
   +Blink:    It lets you blink.
   rCorr:     It protects you from acid and corrosion.
   Stlth:     It makes you more stealthy.
 K - a ring of fire
 O - a ring of poison resistance
 P - a ring of resist corrosion
 Q - a +6 ring of strength (left claw)
 R - a ring of fire
 S - an amulet of reflection
 T - the ring "Cuicitap" (right claw) {rN+ Str+6 Dex+2}
   (You found it on level 10 of the Dungeon)

   [ring of strength]

   Str:       It affects your strength (+6).
   Dex:       It affects your dexterity (+2).
   rN:        It protects you from negative energy.
Wands
 p - a wand of polymorph (13)
 x - a wand of flame (5)
Scrolls
 a - 2 scrolls of acquirement
 d - 14 scrolls of teleportation
 f - 2 scrolls of amnesia {unknown}
 g - 3 scrolls of noise {unknown}
 h - 4 scrolls of enchant armour {unknown}
 k - a scroll of immolation {unknown}
 l - 2 scrolls of brand weapon {unknown}
 n - a scroll of fear {unknown}
 s - a scroll of poison {unknown}
 t - 3 scrolls of vulnerability {unknown}
 v - 3 scrolls of butterflies {unknown}
 w - a scroll of blinking {unknown}
 A - 4 scrolls of magic mapping {unknown}
 B - 2 scrolls of fog {unknown}
 L - a scroll of enchant weapon {unknown}
Potions
 c - a potion of might
 i - 3 potions of lignification
 q - 3 potions of haste
 r - 3 potions of mutation
 u - 10 potions of curing
 C - 4 potions of heal wounds
 D - a potion of invisibility {unknown}
 G - 2 potions of attraction
 I - a potion of flight {unknown}
 J - a potion of magic
 U - 2 potions of resistance
Miscellaneous
 V - a lightning rod (4/4)


   Skills:
 - Level 7.2 Fighting
 - Level 9.4 Throwing
 * Level 5.8 Armour
 - Level 2.4 Dodging
 - Level 6.4 Shields
 + Level 12.0 Unarmed Combat
 - Level 6.0 Invocations


You had 11 spell levels left.
You didn't know any spells.
Your spell library contained the following spells:

 Spells                   Type           Power      Damage    Failure   Level
 Static Discharge         Conj/Air       0%         2-2/arc   61%         2
 Tukima's Dance           Hex            0%         N/A       83%         3
 Airstrike                Air            0%         2d(0-16)  99%         4
 Passage of Golubria      Tloc           0%         N/A       99%         4
 Summon Lightning Spire   Summ/Air       0%         N/A       99%         4
 Yara's Violent Unravell  Hex/Tmut       0%         3d3       100%        5


Dungeon Overview and Level Annotations

Branches:
Dungeon (11/15)            Temple (1/1) D:5            Lair (0/5) D:8
Ossuary (visited)          Bailey (visited)         Gauntlet (1/1)
    Orc: D:9-12

Altars:
Ashenzari
Cheibriados
Dithmenos
Elyvilon
Fedhas
Gozag
Hepliaklqana
Kikubaaqudgha
Makhleb
Nemelex Xobeh
Okawaru
Qazlal
Ru
Sif Muna
Trog
Uskayaw
Vehumet
Wu Jian
Xom
Yredelemnul
Zin
The Shining One

Shops:
D:2 (   D:3 *

Annotations:
D:2 Sigmund
D:8 1 runed translucent door, mkat's ghost, novice DsAE Gauntlet 12 transporters, 21 runed translucent doors


Innate Abilities, Weirdness & Mutations

You are too large for most types of armour.
You have claws for hands.
Your natural rate of healing is unusually fast.
You are covered in fur. (AC +1)
You have tough skin. (AC +1)


Message History

You feel sick.
The minotaur is no longer moving slowly.
The minotaur hits you with a +2 trident of venom!
* * * LOW HITPOINT WARNING * * *
The minotaur gores you.
* * * LOW HITPOINT WARNING * * *
You scratch the minotaur.
The minotaur is severely wounded.
You feel sick.
Unknown command.
You barely miss the minotaur.
The minotaur furiously retaliates!
The minotaur headbutts you!
* * * LOW HITPOINT WARNING * * *
The minotaur is severely wounded.
You feel sick.
The minotaur looks more healthy.
The minotaur hits you with a +2 trident of venom.
* * * LOW HITPOINT WARNING * * *
The minotaur gores you.
* * * LOW HITPOINT WARNING * * *
You are healed.
You feel sick. The minotaur barely misses you. The minotaur gores you.
* * * LOW HITPOINT WARNING * * *
You scratch the minotaur but do no damage.
The minotaur is severely wounded.
You feel sick.
The minotaur hits you with a +2 trident of venom!!
* * * LOW HITPOINT WARNING * * *
The minotaur gores you!
* * * LOW HITPOINT WARNING * * *
You are healed.
You feel sick.
The minotaur hits you with a +2 trident of venom!!
* * * LOW HITPOINT WARNING * * *
You are lethally poisoned!
The minotaur gores you! Elyvilon protects you from harm!
You are healed.
* * * LOW HITPOINT WARNING * * *
You feel extremely sick.
The minotaur hits you with a +2 trident of venom!
You die...

###
####8..©.©.©.©.©.©..8####
### #≈...............≈#
###.#.#######.#.###
#.#....#....#.#
#.#.##.#.##.#.#
#.............#
#.#..##'##..#.#
#.#..#8.8#..#.#
#....#.@.#....#
###8.#8H8#.8###
####/.[#### #8.8# #=.[#
#8∩8# #####


You could see a minotaur.

Vanquished Creatures
  An orc knight (Bailey)
  A moth of wrath (Gauntlet)
  Joseph (D:10)
  Maggie (D:7)
  An unseen horror (D:11)
  2 kobold demonologists (Bailey)
  3 hornets
  A shadow (D:10)
  3 wyverns
  17 yaks
  2 vampires
  3 basilisks
  4 vampire mosquitoes (D:10)
  2 large abominations (Gauntlet)
  6 water moccasins
  An ice beast (D:7)
  14 orc warriors
  2 ogres
  A black bear (D:7)
  5 centaurs
  4 small abominations (Gauntlet)
  4 wolves (Gauntlet)
  6 kobold brigands
  5 phantoms
  3 bullfrogs
  A gnoll sergeant (D:8)
  2 scorpions
  A water moccasin zombie (D:5)
  19 wights
  A killer bee (D:7)
  5 electric eels (Bailey)
  3 howler monkeys (D:9)
  3 centaur zombies (Ossuary)
  4 orc priests
  3 hounds
  4 gnoll boudas
  2 human zombies (Ossuary)
  Crazy Yiuf (D:2)
  2 sleepcaps (D:6)
  11 orc wizards
  9 iguanas
  A hound zombie (D:5)
  3 mummies
  4 adders
  32 gnolls
  A shadow imp (D:7)
  2 white imps
  An ufetubus (D:6)
  2 worms
  3 dart slugs
  36 orcs
  3 endoplasms
  4 giant cockroaches
  18 goblins
  7 hobgoblins
  3 quokkas
  7 ball pythons
  4 bats
  3 frilled lizards
  3 goblin zombies (Ossuary)
  10 hobgoblin zombies (Ossuary)
  24 kobolds
  12 kobold zombies
  7 orc zombies (Ossuary)
  5 rats
  2 rat zombies (Ossuary)
361 creatures vanquished.

Notes
Turn   | Place    | Note
-------+----------+-------------------------------------------
     0 | D:1      | cdecastro the Troll Fighter began the quest for the Orb.
     0 | D:1      | Reached XP level 1. HP: 22/22 MP: 0/0
   155 | D:1      | Reached XP level 2. HP: 29/29 MP: 1/1
   329 | D:1      | Found a faded altar of an unknown god.
   640 | D:1      | Prayed at the altar of an unknown god.
   640 | D:1      | Became a worshipper of Elyvilon the Healer
   640 | D:1      | Reached * piety under Elyvilon
   818 | D:2      | Reached XP level 3. HP: 37/37 MP: 2/2
   917 | D:2      | Noticed Sigmund
   988 | D:2      | Found a runed translucent door.
   989 | D:2      | Noticed Crazy Yiuf
  1040 | D:2      | Reached ** piety under Elyvilon
  1200 | D:2      | Reached skill level 3 in Unarmed Combat
  1200 | D:2      | Found a transporter.
  1202 | D:2      | Found Lomouhypt's Antique Weapon Emporium.
  1301 | D:2      | Found a transporter.
  1392 | D:2      | Killed Crazy Yiuf
  1507 | D:2      | Reached XP level 4. HP: 45/45 MP: 3/3
  1600 | D:3      | Found a glowing golden altar of the Shining One.
  1867 | D:3      | Found Kaluler's Assorted Antiques.
  1875 | D:3      | Bought a viscous brown potion for 20 gold pieces
  1875 | D:3      | Bought a lumpy pink potion for 20 gold pieces
  1875 | D:3      | Bought a scroll labelled EMUBLOSING for 23 gold pieces
  1875 | D:3      | Bought a scroll labelled AGIPLE MUFI for 23 gold pieces
  1875 | D:3      | Bought a scroll labelled FEJOPU GIGG for 23 gold pieces
  1915 | D:3      | Reached *** piety under Elyvilon
  2330 | D:4      | Reached skill level 4 in Unarmed Combat
  2330 | D:4      | Reached XP level 5. HP: 54/54 MP: 4/4
  2357 | D:4      | Noticed a phantom
  2368 | D:4      | Killed a phantom
  2441 | D:4      | Reached XP level 6. HP: 59/63 MP: 5/5
  2561 | D:4      | Reached skill level 5 in Unarmed Combat
  2955 | D:5      | Entered Level 5 of the Dungeon
  3127 | D:5      | Noticed a water moccasin
  3142 | D:5      | Killed a water moccasin
  3143 | D:5      | Reached skill level 5 in Fighting
  3143 | D:5      | Reached XP level 7. HP: 38/72 MP: 6/6
  3287 | D:5      | Reached skill level 6 in Unarmed Combat
  3328 | D:5      | Found a staircase to the Ecumenical Temple.
  3473 | D:5      | Reached **** piety under Elyvilon
  3590 | D:5      | Found a shimmering blue altar of Sif Muna.
  3638 | D:5      | Reached XP level 8. HP: 78/83 MP: 7/7
  3762 | Temple   | Entered the Ecumenical Temple
  3997 | D:6      | Found a sand-covered staircase.
  4002 | Ossuary  | Entered an ossuary
  4058 | Ossuary  | Reached skill level 7 in Unarmed Combat
  4692 | D:6      | Reached skill level 1 in Invocations
  4892 | D:6      | Reached skill level 8 in Unarmed Combat
  5017 | D:6      | Reached XP level 9. HP: 93/93 MP: 10/10
  5168 | D:7      | Noticed Maggie
  5187 | D:7      | Killed Maggie
  5405 | D:7      | Reached skill level 5 in Invocations
  5575 | D:7      | Found a snail-covered altar of Cheibriados.
  5627 | D:7      | Found an ornate altar of the Wu Jian Council.
  5695 | D:7      | Reached skill level 9 in Unarmed Combat
  6141 | D:8      | Found a flagged portal.
  6152 | Bailey   | Entered a bailey
  6419 | Bailey   | Reached XP level 10. HP: 102/102 MP: 13/13
  6489 | Bailey   | Reached skill level 5 in Shields
  6696 | Bailey   | Found an iron altar of Okawaru.
  6720 | Bailey   | Noticed an orc knight
  6742 | Bailey   | Killed an orc knight
  6782 | Bailey   | Reached skill level 10 in Unarmed Combat
  6896 | Bailey   | Identified the orb of Past Mistakes {*Rage, Int+5}
  7145 | D:8      | Found a sacrificial altar of Ru.
  7255 | D:7      | Reached skill level 1 in Throwing
  7522 | D:8      | Found a staircase to the Lair.
  7689 | D:8      | Reached XP level 11. HP: 106/109 MP: 14/14
  7719 | D:8      | Reached skill level 5 in Throwing
  7858 | D:8      | Reached ***** piety under Elyvilon
  7997 | D:8      | Found a runed translucent door.
  8001 | D:8      | Identified the +5 trident of the Rat {flame, rElec rPois
                  | rC- rN+ Stlth+}
  8002 | D:8      | Noticed mkat's ghost (novice DsAE)
  8541 | D:9      | Reached skill level 11 in Unarmed Combat
  9133 | D:10     | Entered Level 10 of the Dungeon
  9524 | D:10     | Identified the ring "Cuicitap" {rN+ Str+6 Dex+2}
  9672 | D:10     | Noticed Joseph
  9687 | D:10     | Killed Joseph
  9785 | D:10     | Found a hide-covered altar of Uskayaw.
 10324 | D:11     | Reached XP level 12. HP: 118/118 MP: 15/15
 10608 | D:11     | Found a gate leading to a gauntlet.
 10615 | Gauntlet | Entered a Gauntlet
 10615 | Gauntlet | Found a transporter.
 10634 | Gauntlet | Found a transporter.
 10646 | Gauntlet | Reached ****** piety under Elyvilon
 10649 | Gauntlet | Found a transporter.
 10655 | Gauntlet | Found a transporter.
 10672 | Gauntlet | Found a transporter.
 10690 | Gauntlet | Found a transporter.
 10698 | Gauntlet | Found a large runed translucent door.
 10699 | Gauntlet | Found a large runed translucent door.
 10699 | Gauntlet | Noticed an entropy weaver
 10700 | Gauntlet | Found a large runed translucent door.
 10700 | Gauntlet | Found a large runed translucent door.
 10701 | Gauntlet | Found a runed translucent gate.
 10702 | Gauntlet | Found a transporter.
 10702 | Gauntlet | Found a runed translucent gate.
 10703 | Gauntlet | Found a runed translucent gate.
 10704 | Gauntlet | Found a large runed translucent door.
 10704 | Gauntlet | Found a large runed translucent door.
 10705 | Gauntlet | Found a large runed translucent door.
 10706 | Gauntlet | Found a large runed translucent door.
 10714 | Gauntlet | Found a transporter.
 10726 | Gauntlet | Found a transporter.
 10738 | Gauntlet | Found a transporter.
 10757 | Gauntlet | Found a transporter.
 10772 | Gauntlet | Found a transporter.
 10774 | Gauntlet | Found a transporter.
 10799 | Gauntlet | Found a transporter.
 10801 | Gauntlet | Found a transporter.
 10821 | Gauntlet | Found a transporter.
 10895 | Gauntlet | Found a large runed translucent door.
 10895 | Gauntlet | Found a large runed translucent door.
 10895 | Gauntlet | Found a runed translucent door.
 10895 | Gauntlet | Found a runed translucent door.
 10896 | Gauntlet | Found a large runed translucent door.
 10897 | Gauntlet | Found a large runed translucent door.
 10899 | Gauntlet | Found a transporter.
 10915 | Gauntlet | Found a large runed translucent door.
 10915 | Gauntlet | Found a large runed translucent door.
 10916 | Gauntlet | Found a large runed translucent door.
 10917 | Gauntlet | Found a large runed translucent door.
 10919 | Gauntlet | Found a transporter.
 11423 | Gauntlet | Reached skill level 5 in Armour
 11431 | Gauntlet | Identified the +1 robe of the True Pharaoh {rElec}
 11626 | Gauntlet | Reached skill level 12 in Unarmed Combat
 11650 | Gauntlet | Identified the amulet of Amelioration {Acrobat +Blink rCorr
                  | Stlth+}
 11697 | Gauntlet | Identified the +5 arbalest "Aketsa" {flame, Contam Will+++
                  | SInv Stlth+}
 11697 | Gauntlet | Noticed a minotaur
 11714 | Gauntlet | HP: 2/118 [minotaur/+2 trident of venom (32)]
 11714 | Gauntlet | Elyvilon protects you from harm!
 11715 | Gauntlet | Mangled by a minotaur

Illustrated notes

Levels and vault maps discovered:
D:1:      wheals_arrival_shading, layout_basic,
          hellmonk_ecumenical_altar_inner_sanctum
D:2:      layout_basic, serial_shops, nicolae_shop_drivethru,
          serial_bayou_lake_a, uniq_sigmund, uniq_crazy_yiuf_cottage
D:3:      layout_loops_ring, mainiacjoe_overflow_surrounded_room, serial_shops,
          shop
D:4:      minmay_chambers_of_fours, layout_loops_ring
D:5:      layout_loops_ring, kennysheep_little_box, minmay_temple_entry_wispy,
          serial_undead, serial_undead_d, serial_undead_a, serial_undead_c,
          serial_undead_d, hangedman_minor_gate_pass
D:6:      layout_rooms, nicolae_ossuary_entry_giza, dreamdust_princess_bridge
D:7:      layout_basic, mainiacjoe_overflow_tiny_flanked,
          mainiacjoe_overflow_24_doors, corexii_leaking_fountain,
          minmay_increasing_density, uniq_maggie
D:8:      layout_layer_cave, mainiacjoe_overflow_alcove_1,
          minmay_lair_entry_grove, enter_bailey_3, ebering_ghost_funeral_grove,
          minivault_11
D:9:      layout_basic
D:10:     layout_roguey, eat_drink_and_be_merry_uskayaw,
          serial_co_window_serial, co_window_of_opportunity_a,
          co_window_paths_a, co_window_paths_b, co_window_of_opportunity_a,
          co_window_corner_a, co_window_2corner, co_window_corner_cb,
          co_window_corner_b, co_window_broadway_a, co_window_2corner,
          co_window_broadway_b, co_window_corner_cb, glass_columns_b,
          uniq_joseph
D:11:     layout_loops_corners, david_orc_1_choice, gauntlet_entry_generic,
          uniq_lodul
Temple:   eino_temple_rhombus
Gauntlet: gammafunk_gauntlet_one_two_three [gammafunk_gauntlet_arena_corners,
          gammafunk_gauntlet_arena_arrow_garden, nicolae_gauntlet_arena_x,
          gammafunk_gauntlet_arena_split_x, gammafunk_gauntlet_arena_teeth,
          gammafunk_gauntlet_arena_split_diamond,
          minmay_gauntlet_arena_make_your_own_arena,
          nicolae_gauntlet_arena_quarters, nicolae_gauntlet_swirl,
          nicolae_gauntlet_exit_dead_adventurers]

Skill      XL: |  1  2  3  4  5  6  7  8  9 10 11 12 |
---------------+-------------------------------------+-----
Fighting       | 3 4 5 6 7 |  7.2
Unarmed Combat | 3 4 5 6 8 9 10 11 12 | 12.0
Invocations    | 3 6 |  6.0
Shields        | 4 6 |  6.4
Throwing       | 4 9 |  9.4
Armour         | 4 5 |  5.8
Dodging        | |  2.4

Action                     |  1- 3 |  4- 6 |  7- 9 | 10-12 || total
---------------------------+-------+-------+-------+-------++-------
  Melee: Unarmed           |    96 |   105 |   453 |   456 ||  1110
  Throw: Dart              |       |       |       |     2 ||     2
 Invoke: Heal Self         |       |       |     2 |     5 ||     7
    Use: Scroll            |       |       |     1 |     9 ||    10
         Potion            |       |       |     1 |     2 ||     3
   Stab: Sleeping          |       |     3 |     8 |       ||    11
 Armour: Robe              |    25 |    26 |    57 |       ||   108
         Skin              |     1 |       |       |       ||     1
         Swamp dragon scal |       |       |    58 |   154 ||   212
  Dodge: Dodged            |    21 |    23 |   139 |   120 ||   303
  Block: Kite shield       |    34 |    37 |   172 |   169 ||   412
